 Dungeon Crawl Stone Soup version 0.20.1-1-g8b1a95d (webtiles) character file.

2880 letownia2 the Thaumaturge (level 9, -1/72 (73) HPs)
             Began as a Deep Dwarf Necromancer on Dec 9, 2017.
             Was an Initiate of Gozag.
             Killed from afar by Joseph (9 damage)
             ... with a wand of lightning (?/15)
             ... on level 7 of the Dungeon.
             The game lasted 00:21:47 (6054 turns).

letownia2 the Thaumaturge (Deep Dwarf Necromancer)  Turns: 6054, Time: 00:21:48

HP:   -1/72 (73)    AC: 10    Str: 13    XL:     9   Next: 48%
MP:   20/21         EV:  9    Int: 18    God:    Gozag
Gold: 1057          SH:  0    Dex: 13    Spells: 21/25 levels left

rFire    + + .     SeeInvis +   a - +4 short sword (protect)
rCold    x . .     Gourm    .   (no shield)
rNeg     . . .     Faith    .   k - +0 fire dragon scales
rPois    .         Spirit   .   J - +0 helmet
rElec    .         Reflect  .   (no cloak)
rCorr    .         Harm     .   G - +0 pair of gloves
MR       +....                  (no boots)
Stlth    ..........             A - amulet of magic regeneration
Regen    0.0/turn               N - ring of see invisible
MPRegen  0.3/turn               (no ring)

@: non-regenerating
A: damage resistance, heal wounds, sense surroundings 2, no regeneration
a: Heal Wounds, Potion Petition, Call Merchant, Bribe Branch, Renounce Religion


You were on level 7 of the Dungeon.
You worshipped Gozag.
Gozag was most pleased with you.
You were not hungry.

You visited 1 branch of the dungeon, and saw 7 of its levels.
You also visited: Sewer.

You collected 1602 gold pieces.
You paid 545 gold pieces to Gozag.

Inventory:

Hand Weapons
 a - a +4 short sword of protection (weapon)
 e - a +0 short sword
 m - a +4 hand axe
 y - a +2 mace of protection
 z - a +2 short sword of flaming
Missiles
 f - 32 bolts
 r - 11 tomahawks (quivered)
 I - 3 javelins
Armour
 k - +0 fire dragon scales (worn)
 t - a +0 ring mail
 C - the +2 chain mail "Hyta" {rPois MR- Dex+8}
   (You found it on level 6 of the Dungeon)

   It affects your dexterity (+8).
   It protects you from poison.
   It affects your resistance to hostile enchantments.
 E - a +2 chain mail of poison resistance
 G - a +0 pair of gloves (worn)
 J - a +0 helmet (worn)
Magical Staves
 P - an uncursed staff of wizardry {unknown}
Jewellery
 A - an amulet of magic regeneration (around neck)
 F - an uncursed ring of fire
 N - a ring of see invisible (left hand)
Wands
 p - a wand of paralysis (13/24)
 D - a wand of polymorph (1/24)
Scrolls
 d - 4 scrolls of teleportation {unknown}
 g - a scroll of recharging {unknown}
 i - a scroll of random uselessness {unknown}
 s - a scroll of blinking {unknown}
 v - 4 scrolls of identify
 w - 3 scrolls of amnesia {unknown}
 x - 3 scrolls of immolation {unknown}
 B - a scroll of fog {unknown}
 Q - a scroll of remove curse {unknown}
 R - a scroll of magic mapping {unknown}
Potions
 b - a potion of heal wounds {unknown}
 h - a potion of invisibility {unknown}
 j - a potion of degeneration {unknown}
 l - 2 potions of mutation {unknown}
 n - a potion of lignification {unknown}
 o - 5 potions of might {unknown}
 u - 7 potions of curing {unknown}
 H - a potion of magic {unknown}
 K - 3 potions of cancellation {unknown}
 L - a potion of haste {unknown}
 M - a potion of flight {unknown}
 O - 2 potions of brilliance {unknown}
Comestibles
 c - 10 bread rations
 q - 4 fruits


   Skills:
 - Level 2.0 Fighting
 - Level 2.1 Dodging
 - Level 2.4 Stealth
 + Level 8.9 Spellcasting
 - Level 8.4 Necromancy
 - Level 5.0 Evocations


You had 21 spell levels left.
You knew the following spells:

 Your Spells              Type           Power        Failure   Level  Hunger
a - Pain                  Necr           ####         1%          1    None
v - Vampiric Draining     Necr           #####.....   6%          3    None


Dungeon Overview and Level Annotations

Branches:
Dungeon (7/15)             Temple (0/1) D:5

Altars:
Gozag

Shops:
D:5 (   D:6 (

Annotations:
D:7 Joseph


Innate Abilities, Weirdness & Mutations

You are resistant to damage.
You can heal yourself by infusing magical energy.
You passively map the area around you.
You do not regenerate.


Message History

Unknown command.
Unknown command.
Evoke which item? (* to show all) (? for menu, Esc to quit)
Aiming: Polymorph
Press: ? - help, Shift-Dir - straight line, f/p - Joseph
Aim: Joseph, wielding a hunting sling, wearing a glowing leather armour and carrying a wand of lightning (?/15) {zapped: 2} (chance to defeat MR: 43%) Joseph resists with some effort.
This wand has 2 charges left.
Joseph shoots a sling bullet.
The sling bullet hits you!
* * * LOW HITPOINT WARNING * * *
A quokka comes into view.
Unknown command.
Unknown command.
Evoke which item? (* to show all) (? for menu, Esc to quit)
Aiming: Polymorph
Press: ? - help, Shift-Dir - straight line, f/p - Joseph
Aim: Joseph, wielding a hunting sling, wearing a glowing leather armour and carrying a wand of lightning (?/15) {zapped: 2} (chance to defeat MR: 43%) Joseph resists with some effort.
This wand has 1 charge left.
Joseph zaps a wand.
The bolt of lightning hits you!
You die...
Your body crumbles into a pile of gold.

#.................[.........#
#########...........#########
#...........#, , ,
#...........# ,
########...........# *
...........+########, *
...........+ * ,
...........+#######* , ,,
,...........@.....r. ,
.....####.........@,, , ,
....(* #.......... , * *## *
.... * #.......... * #.
#########.......... #.
####......###################.
#.........#########........##.
,*
#.##......'.......'........''.
#.#####...#########).......##.


You could see Joseph and a quokka.

Vanquished Creatures
  A spriggan (D:7)
  An orc warrior (D:5)
  A hornet zombie (D:7)
  An ice beast (D:6)
  2 phantoms
  6 ogres
  A centaur (D:7)
  A crocodile (Sewer)
  A bullfrog (D:7)
  2 scorpions
  A wyvern skeleton (D:7)
  4 killer bees (D:7)
  3 wights (D:6)
  2 howler monkeys
  A centaur zombie (D:7)
  A bullfrog zombie (D:6)
  A hound (D:6)
  3 jellies
  A bullfrog skeleton (D:5)
  5 orc wizards (D:6)
  A centaur skeleton (D:7)
  2 orc priests (D:3)
  Ijyb (D:3)
  7 worker ants
  A howler monkey zombie (D:7)
  2 gnolls (D:7)
  2 river rats (D:3)
  13 adders
  8 oozes (D:2)
  A worm (D:3)
  An adder skeleton (D:5)
  An adder zombie (D:5)
  3 dart slugs
  9 leopard geckos
  26 orcs
  7 bats
  17 giant cockroaches
  4 goblins
  7 hobgoblins
  2 jackals (Sewer)
  5 quokkas
  2 ball pythons
  3 frilled lizards
  A hobgoblin zombie (D:7)
  23 kobolds
  2 kobold zombies (D:7)
  An orc zombie (D:7)
  10 rats
201 creatures vanquished.

Vanquished Creatures (others)
  A fungus (D:2)
  6 toadstools (D:2)
7 creatures vanquished.

Grand Total: 208 creatures vanquished

Notes
Turn   | Place    | Note
-------+----------+-------------------------------------------
     0 | D:1      | letownia2 the Deep Dwarf Necromancer began the quest for the Orb.
     0 | D:1      | Reached XP level 1. HP: 15/15 MP: 3/3
   330 | D:3      | Reached XP level 2. HP: 19/22 MP: 0/5
   366 | D:3      | Reached skill level 5 in Necromancy
   403 | D:3      | Reached XP level 3. HP: 11/28 MP: 1/6
   436 | D:3      | Learned a level 3 spell: Vampiric Draining
   641 | D:3      | Found a glowing drain.
   672 | Sewer    | Entered a sewer
   799 | Sewer    | Noticed a crocodile
   871 | Sewer    | Killed a crocodile
   871 | Sewer    | Reached XP level 4. HP: 12/36 MP: 1/7
   871 | Sewer    | Reached XP level 5. HP: 14/42 MP: 1/8
  1169 | D:4      | Found an opulent altar of Gozag.
  1176 | D:4      | Became a worshipper of Gozag Ym Sagoz the Greedy
  1335 | D:4      | Noticed an ogre
  1362 | D:4      | Killed an ogre
  1426 | D:4      | Noticed a phantom
  1535 | D:3      | Reached XP level 6. HP: 36/49 MP: 3/11
  2486 | D:2      | Reached XP level 7. HP: 39/55 MP: 5/12
  3253 | D:3      | Reached skill level 1 in Fighting
  3373 | D:3      | Noticed Ijyb
  3424 | D:3      | Killed Ijyb
  3960 | D:4      | Reached skill level 1 in Evocations
  4024 | D:5      | Entered Level 5 of the Dungeon
  4086 | D:5      | Found a staircase to the Ecumenical Temple.
  4378 | D:5      | Reached XP level 8. HP: 58/67 MP: 1/15
  4527 | D:5      | HP: 3/67 [orc warrior/halberd (21)]
  4533 | D:5      | Reached skill level 5 in Spellcasting
  4533 | D:5      | Reached skill level 5 in Evocations
  4628 | D:6      | Got an agate-encrusted chain mail
  4650 | D:6      | Identified the +2 chain mail "Hyta" {rPois MR- Dex+8} (You found it on level 6 of the Dungeon)
  5564 | D:7      | Gained mutation: You passively map the area around you. [Deep Dwarf growth]
  5564 | D:7      | Reached XP level 9. HP: 46/72 MP: 9/19
  6049 | D:7      | Noticed Joseph
  6054 | D:7      | Killed from afar by Joseph

Skill      XL: |  1  2  3  4  5  6  7  8  9 |
---------------+----------------------------+-----
Spellcasting   | 2 3 4 7 8 |  8.9
Necromancy     | 5 6 8 |  8.4
Fighting       | 2 |  2.0
Evocations     | 3 5 |  5.0
Dodging        | |  2.1
Stealth        | |  2.4

Action                   |  1- 3 |  4- 6 |  7- 9 || total
-------------------------+-------+-------+-------++-------
Melee: Short sword       |    21 |    28 |   413 ||   462
Throw: Tomahawk          |       |     4 |     8 ||    12
 Cast: Pain              |    32 |    72 |    31 ||   135
       Vampiric Draining |     6 |    14 |    73 ||    93
Invok: Call Merchant     |       |       |     1 ||     1
Evoke: Wand              |       |       |     7 ||     7
  Use: Scroll            |       |       |     1 ||     1
  Eat: Chunk             |     1 |     1 |       ||     2
       Royal jelly       |       |     1 |     4 ||     5
       Meat ration       |       |     1 |     2 ||     3
Armor: Robe              |     9 |     6 |       ||    15
       Fire dragon scale |       |    11 |   240 ||   251
       Ring mail         |       |     7 |     4 ||    11
       Chain mail        |       |       |    51 ||    51
Dodge: Dodged            |    26 |    33 |   188 ||   247
